 Dungeon Crawl Stone Soup version 0.32-a0-7-ge934b4519a (webtiles) character file.

Game seed: 13617238300265658626

314567 croobank the Skinwalker (level 20, -17/132 HPs)
             Began as a Felid Delver on Jan 13, 2024.
             Was an Initiate of Gozag.
             Demolished by a large slime creature (21 damage)
             ... on level 3 of the Vaults.
             The game lasted 04:44:20 (60967 turns).

croobank the Skinwalker (Felid Delver)             Turns: 60967, Time: 04:44:21

Health: -17/132    AC: 44    Str: 10    XL:     20   Next: 49%
Magic:  23/33      EV: 38    Int: 18    God:    Gozag
Gold:   2797       SH:  0    Dex: 17    Spells: 22/43 levels left
                                        Lives:  0   Deaths: 7

rFire   . .          .
                       - Unarmed
rCold   + . .        (shield unavailable)
rNeg    + . .        (body armour unavailable)
rPois   ∞            (helmet unavailable)
rElec   +            (cloak unavailable)
rCorr   .            (gloves unavailable)
SInv    +            (boots unavailable)
Will    +++..        z - amulet "Zejuv" {Acrobat Harm rC+ Regen+ Dex-2}
Stlth   ++++         q - +4 ring of protection
HPRegen 1.22/turn    n - +4 ring of protection
MPRegen 0.23/turn

%: harm (+30% outgoing, +20% incoming), acrobat
@: statue-form, frozen, acrobatic, very slow
A: slow and powerful, torment resistance 1, boosted hp, very small, claws 1,
fangs 3, see invisible, (shaggy fur 3), stealthy paws, no weapons or thrown
items, no armour, multi-lived, dopey 1, low MP 1
}: 2/15 runes: decaying, gossamer
a: Begin Untransformation, Renounce Religion, Potion Petition, Call Merchant,
Bribe Branch


You were on level 3 of the Vaults.
You worshipped Gozag.
Gozag was most pleased with you.
You were a living statue of rough stone.
You visited 7 branches of the dungeon, and saw 36 of its levels.
You also visited: Ice Cave.

You collected 15695 gold pieces.
You spent 1950 gold pieces at shops.
You paid 10948 gold pieces to Gozag.

Inventory:

Jewellery
 d - a ring of resist corrosion
 f - a ring of protection from cold
 n - a +4 ring of protection (right paw)
 q - a +4 ring of protection (left paw)
 r - a ring of willpower
 z - the amulet "Zejuv" (around neck) {Acrobat Harm rC+ Regen+ Dex-2}
   (You took it off a kobold on level 4 of the Dungeon)

   [amulet of the acrobat]

   Acrobat:   It increases your evasion while moving and waiting.
   Dex-2:     It affects your dexterity (-2).
   rC+:       It protects you from cold.
   Regen+:    It increases your rate of health regeneration.
   Harm:      It increases damage dealt and taken.
 B - a ring of poison resistance
 I - a +5 ring of evasion
 P - a +5 ring of evasion
 Q - a ring of protection from fire
 R - a ring of positive energy
 S - a ring of protection from cold
 T - a ring of ice
 U - a +6 ring of dexterity
 V - a +6 ring of intelligence
 X - a +6 ring of intelligence
Talismans
 t - a beast talisman
 u - a flux talisman
 v - a blade talisman
 w - the maw talisman of Durable Liberty {MP+9 Str+4 Slay+3}
   (You found it on level 4 of the Lair of Beasts)

   [maw talisman]

   Str+4:     It affects your strength (+4).
   Slay+3:    It affects your accuracy & damage with ranged weapons and melee
   (+3).
   MP+9:      It affects your magic capacity (+9).
 x - the serpent talisman "Lojasch" {Int+4 SInv}
   (You took it off Aizul on level 3 of the Swamp)

   [serpent talisman]

   Int+4:     It affects your intelligence (+4).
   SInv:      It lets you see invisible.
 y - a granite talisman (active)
Wands
 e - a wand of digging (7)
 h - a wand of flame (46)
 i - a wand of mindburst (33)
 l - a wand of polymorph (2)
 F - a wand of iceblast (25)
 K - a wand of charming (10)
 Z - a wand of light (20)
Scrolls
 b - 3 scrolls of revelation
 c - a scroll of fog
 g - 6 scrolls of vulnerability
 m - 6 scrolls of amnesia
 p - 27 scrolls of identify
 s - 5 scrolls of teleportation
 A - 3 scrolls of noise
 J - a scroll of poison
 N - 2 scrolls of torment
 W - a scroll of silence
 Y - a scroll of immolation
Potions
 a - 5 potions of mutation
 j - 8 potions of ambrosia
 k - 2 potions of cancellation
 o - 8 potions of enlightenment
 C - 3 potions of lignification
 D - 6 potions of brilliance
 E - 5 potions of magic
 H - 6 potions of curing
 L - 5 potions of attraction
Miscellaneous
 M - a lightning rod (3/4)
 O - a sack of spiders


   Skills:
 - Level 10.0 Fighting
 - Level 10.0 Dodging
 - Level 7.7 Stealth
 - Level 10.0 Unarmed Combat
 - Level 12.0 Spellcasting
 - Level 14.5 Summonings
 - Level 5.0 Translocations
 - Level 5.0 Ice Magic
 + Level 23.8 Shapeshifting


You had 22 spell levels left.
You knew the following spells:

 Your Spells              Type           Power      Damage    Failure   Level
a - Ensorcelled Hibernat  Hex/Ice        38%        N/A       3%          2
b - Ozocubu's Armour      Ice            28%        N/A       2%          3
c - Call Canine Familiar  Summ           58%        N/A       1%          3
d - Summon Cactus Giant   Summ           29%        N/A       2%          6
f - Summon Forest         Summ/Tloc      22%        N/A       3%          5
B - Blink                 Tloc           56%        N/A       1%          2

Your spell library contained the following spells:

 Spells                   Type           Power      Damage    Failure   Level
 Summon Small Mammal      Summ           100%       N/A       0%          1
 Call Imp                 Summ           100%       N/A       1%          2
 Summon Ice Beast         Ice/Summ       45%        N/A       1%          3
 Frozen Ramparts          Ice            56%        1d9       2%          3
 Summon Blazeheart Golem  Fire/Summ      36%        N/A       3%          4
 Magic Dart               Conj           40%        1d5       6%          1
 Sting                    Conj/Alch      40%        1d5       6%          1
 Hailstorm                Conj/Ice       19%        3d7       7%          3
 Manifold Assault         Tloc           28%        N/A       9%          4
 Cigotuvi's Dreadful Rot  Necr/Alch/Air  20%        N/A       10%         2
 Jinxbite                 Hex            20%        N/A       10%         2
 Mercury Vapours          Alch/Air       20%        N/A       10%         2
 Scorch                   Fire           20%        2d5       10%         2
 Static Discharge         Conj/Air       20%        3-4/arc   10%         2
 Summon Hydra             Summ           29%        N/A       14%         7
 Fugue of the Fallen      Necr           10%        N/A       19%         3
 Mephitic Cloud           Conj/Alch/Air  10%        N/A       19%         3
 Passwall                 Erth           10%        N/A       19%         3
 Sigil of Binding         Hex            10%        N/A       19%         3
 Swiftness                Air            10%        N/A       19%         3
 Anguish                  Hex/Necr       5%         N/A       54%         4
 Flame Wave               Conj/Fire      10%        2d6       54%         4
 Ignite Poison            Fire/Alch      10%        N/A       54%         4
 Leda's Liquefaction      Alch/Erth      5%         N/A       54%         4
 Petrify                  Alch/Erth      10%        N/A       54%         4
 Metabolic Englaciation   Hex/Ice        9%         N/A       54%         5
 Freezing Cloud           Conj/Ice/Air   8%         6-21      67%         5
 Alistair's Intoxication  Alch           6%         N/A       87%         5
 Borgnjor's Vile Clutch   Necr/Erth      5%         N/A       87%         5
 Yara's Violent Unravell  Hex/Alch       5%         3d4       87%         5
 Sculpt Simulacrum        Ice/Alch       9%         N/A       98%         6
 Eringya's Noxious Bog    Alch           5%         4d6       100%        6
 Enfeeble                 Hex            5%         N/A       100%        7
 Chain Lightning          Conj/Air       5%         3d6       100%        9
 Dimensional Bullseye     Hex/Tloc       Unusable   N/A       N/A         4

Dungeon Overview and Level Annotations

Branches:
Dungeon (15/15)            Temple (0/1) D:6            Lair (5/5) D:11
  Swamp (4/4) Lair:3       Spider (4/4) Lair:3        Slime (0/5) Lair:5
    Orc (2/2) D:9             Elf (3/3) Orc:2        Vaults (3/5) D:13
  Crypt (0/3) Vaults:2     Depths (0/4) D:15          IceCv (visited)

Altars:
Ashenzari
Fedhas
Gozag
Hepliaklqana
Kikubaaqudgha
Makhleb
Nemelex Xobeh
Okawaru
Sif Muna
Uskayaw
Wu Jian
Yredelemnul
Zin
The Shining One
Jiyva

Shops:
D:9 (   D:10 *?=   Orc:2 [*(:*   Elf:1 *   Swamp:1 =   Vaults:1 [   Vaults:2 [

Annotations:
D:8 Jeremiah
Lair:2 2 runed translucent doors, nocore's ghost, journeyman DsMo
Swamp:4 1 runed translucent door, Midn8's ghost, adept MfAr
Spider:3 3 runed translucent doors, Moonkey's ghost, adept DECj
Elf:2 exclusion: downstairs
Elf:3 !boris


Innate Abilities, Weirdness & Mutations

You are a living statue of rough stone.
Your actions are slow, but your melee attacks are powerful.
You are resistant to unholy torment.
Your maximum health is greatly increased.
You are immune to poison.
You have sharp claws.
You have razor-sharp teeth.
You have supernaturally acute eyesight. (SInv)
((Your thick and shaggy fur keeps you warm. (AC +3, rC+)))
Your paws help you pounce on unaware monsters.
You are incapable of wielding weapons or throwing items.
You cannot wear armour.
You gain extra lives every three experience levels.
You are dopey. (Int -2)
Your magical capacity is low. (-10% MP)


Message History

Your cactus giant disappears in a puff of smoke!
Two slime creatures merge to form an enormous slime creature.
The ironbound frostheart shouts!
You hear a shout!
The ironbound frostheart is no longer distracted by gold.
The ironbound frostheart calls freezing cold from the walls.
The frost grips you! You resist.
You are encased in ice.
Things that are here:
16 gold pieces; a +2 arbalest of flaming The enormous slime creature attacks as it pursues you!
The enormous slime creature completely misses you.
The enormous slime creature hits you!!!
Ouch! That really hurt!
Things that are here:
10 gold pieces; a +0 arbalest
Casting: Summon Cactus Giant (dangerous; 2% risk of failure)
Confirm with . or Enter, or press ? or * to list all spells.
An enormous slime creature splits.
The ironbound frostheart calls freezing cold from the walls.
The frost grips you but does no damage. The frost grips your cactus giant!!!
A yaktaur captain comes into view.
The ice encasing you melts away.
The ironbound frostheart calls freezing cold from the walls.
The frost grips you. You resist.
You are encased in ice.
The frost grips your cactus giant!
The large slime creature completely misses you.
The ironbound frostheart calls freezing cold from the walls.
The frost grips you! You resist.
* * * LOW HITPOINT WARNING * * *
The frost grips your cactus giant!!!
Your cactus giant is destroyed!
Your cactus giant disappears in a puff of smoke!
The large slime creature hits you!!
* * * LOW HITPOINT WARNING * * *
The large slime creature attacks as it pursues you!
The large slime creature hits you!!
You die...
Your body crumbles into a pile of gold.

#################♣#####
#.............'.......#
#.(...........#.......#
#.......$.....#.......##
######.8$###'##.......#.
#..J#.J$#...##.......#.
#..)#J..#...##.......#.
#'###§p.######.......#.
#.....p.......#......)#.
.'.c...........#.......'.
.#.............#.......#.
#####'#########.......##
.. #########


You could see a yaktaur captain, 2 large slime creatures, a slime creature, an
ironbound frostheart and a vault sentinel.

Vanquished Creatures
  the Lernaean hydra (Swamp:4)
  Nikola (Spider:3)
  Norris (Vaults:1)
  2 Ice Fiends (IceCv)
  4 deep elf master archers (Elf:3)
  The ghost of Zueleol the Warrior, an adept DsFi of Yredelemnul (Elf:2)
  2 deep elf blademasters (Elf:3)
  2 sphinxes (Vaults:1)
  Asterion (Spider:3)
  A quicksilver dragon (Vaults:2)
  A thorn hunter (Swamp:2)
  Aizul (Swamp:3)
  A storm dragon (Vaults:3)
  A fenstrider witch (Swamp:2)
  Roxanne (Swamp:1)
  3 emperor scorpions
  A deep elf sorcerer (Elf:3)
  4 vault wardens
  Louise (Spider:3)
  7 ghost moths
  A deep elf elementalist (Elf:3)
  3 orc warlords
  5 ironbound preservers
  A formless jellyfish (Vaults:3)
  An ironbound thunderhulk (Vaults:1)
  2 deep elf demonologists
  2 deep elf annihilators
  An eleionoma (Swamp:2)
  The ghost of Sundig the Blocker, a journeyman FoFi of Gozag (D:11)
  2 deep elf death magi (Elf:3)
  A bunyip (Swamp:2)
  6 spark wasps
  Azrael (Spider:1)
  6 entropy weavers
  4 yaktaur captains
  An ice dragon (Spider:4)
  A rakshasa (D:15)
  A shambling mangrove (Swamp:4)
  4 deep elf high priests (Elf:3)
  10 hydras
  8 vault guards
  A caustic shrike simulacrum (IceCv)
  2 alligators
  2 peacekeepers (Elf:1)
  3 ironbound frosthearts (Vaults:2)
  An ogre mage (Orc:2)
  Fannar (D:12)
  2 ghost crabs (Lair:3)
  3 radroaches
  14 boulder beetles
  A catoblepas (Lair:1)
  A centaur warrior (Vaults:1)
  6 two-headed ogres
  Erica (D:9)
  13 dancing weapons
  An orc high priest (Orc:2)
  Urug (Lair:4)
  5 demonic crawlers
  4 spriggans
  9 deep elf knights
  5 pharaoh ants
  Amaemon (Lair:2)
  2 skysharks
  2 spectral death yaks (Lair:3)
  6 nameless horrors
  5 goliath frogs
  2 spriggan druids
  An arcanist (Vaults:2)
  5 orb spiders
  2 obsidian statues (IceCv)
  12 swamp dragons
  16 deep trolls
  10 ironbound convokers
  4 bog bodies
  A lindwurm (Vaults:1)
  The ghost of MisterAzrael the Trooper, a novice HOFi of Fedhas (D:6)
  6 orc knights
  6 deep elf archers
  2 necromancers
  Pikel (D:6)
  20 deep elf pyromancers
  23 deep elf zephyrmancers
  11 steelbarb worms
  3 harpies (Vaults:3)
  18 wolf spiders
  6 orc sorcerers
  20 ugly things
  3 oklob plants
  3 will-o-the-wisps
  3 elephants (Lair:1)
  6 meliai
  7 cyclopes
  A moth of wrath (Spider:3)
  A centaur zombie (D:15)
  Joseph (D:7)
  12 vault sentinels
  4 black mambas
  An orange demon (Lair:2)
  2 kobold blastminers (Orc:1)
  A gargoyle (D:12)
  A torpor snail (Spider:2)
  4 centaur skeletons (D:15)
  A komodo dragon (shapeshifter) (D:13)
  18 yaktaurs
  20 cane toads
  2 rime drakes
  2 unseen horrors
  3 golden dragon simulacra (IceCv)
  11 komodo dragons
  A kobold demonologist (D:13)
  An ice devil (IceCv)
  A tengu conjurer (D:15)
  6 freezing wraiths
  4 trolls
  An anaconda simulacrum (IceCv)
  A queen bee (shapeshifter) (Orc:2)
  7 polar bears
  8 tyrant leeches
  26 tarantellas
  9 hornets
  26 blink frogs
  24 slime creatures
  27 jumping spiders
  3 shadows
  4 wraiths
  16 culicivoras
  A vampire (D:14)
  3 wyverns
  4 wargs
  60 yaks
  4 fire elementals
  4 basilisks
  43 redbacks
  8 vampire mosquitoes
  A steam dragon (D:5)
  A human (D:9)
  A minotaur simulacrum (IceCv)
  A harpy simulacrum (IceCv)
  4 hydra simulacra (IceCv)
  12 swamp worms
  10 water moccasins
  2 acid dragons (D:13)
  Duvessa (D:6)
  2 hell hounds (Spider:1)
  A spectral polar bear (Lair:3)
  A sky beast (D:7)
  5 swamp drakes
  An ice beast (D:5)
  23 orc warriors
  4 ogres
  3 black bears
  2 laughing skulls (D:14)
  3 ettin simulacra (IceCv)
  20 wolves
  A spectral rime drake (Lair:3)
  5 centaurs
  2 phantoms
  2 kobold brigands
  2 lemures (D:6)
  A gnoll sergeant (D:9)
  16 bullfrogs
  34 scorpions
  A wyvern zombie (D:6)
  An earth elemental (Elf:2)
  A water moccasin zombie (D:6)
  10 wights
  Dowan (D:6)
  13 killer bees
  An electric eel (Spider:1)
  4 howler monkeys
  3 bombardier beetles
  2 gnoll boudas
  2 hounds
  6 jellies
  15 orc priests
  Crazy Yiuf (D:6)
  An iguana (D:6)
  27 orc wizards
  11 adders
  15 gnolls
  2 ufetubi (D:5)
  3 dart slugs
  2 ribbon worms
  51 orcs
  12 ball pythons
  8 endoplasms
  2 giant cockroaches
  8 goblins
  9 hobgoblins
  7 jackals
  20 kobolds
  6 quokkas
  9 bats
  2 frilled lizards
  6 rats
1183 creatures vanquished.

Vanquished Creatures (collateral kills)
  Boris (Elf:3)
  Jorgrun (Swamp:3)
  A tentacled monstrosity (Swamp:4)
  A sphinx (Vaults:2)
  2 deep elf sorcerers (Elf:3)
  An emperor scorpion (Spider:3)
  A deep elf elementalist (Elf:3)
  A formless jellyfish (Vaults:2)
  An ironbound preserver (Vaults:2)
  2 ironbound thunderhulks (Vaults:2)
  An eleionoma (Swamp:2)
  Nessos (Lair:5)
  3 deep elf annihilators (Elf:3)
  4 deep elf death magi (Elf:3)
  A dire elephant (D:13)
  2 great orbs of eyes
  4 deep elf high priests (Elf:3)
  4 hydras
  2 yaktaur captains (Vaults:2)
  2 vault guards
  A ghost crab (Swamp:2)
  3 alligators
  An ironbound frostheart (Vaults:2)
  18 dancing weapons
  6 deep elf knights
  5 spriggans
  A skyshark (Vaults:1)
  A titan skeleton (Vaults:2)
  2 spriggan druids
  2 goliath frogs
  An arcanist (Vaults:3)
  3 bog bodies
  4 swamp dragons
  4 deep trolls
  2 harpies (Vaults:3)
  3 lindwurms
  A necromancer (Vaults:2)
  7 deep elf pyromancers
  2 ugly things (Vaults:2)
  5 deep elf zephyrmancers
  A cyclops (D:14)
  A vault sentinel (Vaults:2)
  A gargoyle (D:14)
  A human zombie (Vaults:2)
  A freezing wraith (Vaults:3)
  9 yaktaurs
  4 hornets
  A tyrant leech (Swamp:4)
  A jumping spider (Vaults:1)
  An air elemental (Elf:3)
  8 slime creatures
  2 fire elementals (Elf:2)
  A basilisk (D:14)
  3 redbacks (Vaults:1)
  An elf skeleton (Vaults:2)
  2 vampire mosquitoes (Swamp:4)
  6 swamp worms
  A water moccasin (Lair:5)
  6 swamp drakes (Swamp:4)
  2 nameless horrors
  An earth elemental (Elf:3)
162 creatures vanquished.

Vanquished Creatures (others)
  A spriggan (Swamp:3)
  2 deep elf knights (Elf:2)
  A deep elf archer (Elf:2)
  A deep elf pyromancer (Elf:1)
  A deep elf zephyrmancer (Elf:2)
  2 bloated husks (Swamp:2)
  A hornet (Swamp:3)
  A redback (Spider:3)
  2 scorpions (Spider:3)
  An orc wizard (Orc:2)
  4 foxfires
  18 snaplasher vines
35 creatures vanquished.

Grand Total: 1380 creatures vanquished

Notes
Turn   | Place    | Note
-------+----------+-------------------------------------------
     0 | D:5      | croobank the Felid Delver began the quest for the Orb.
     0 | D:5      | Reached XP level 1. HP: 12/12 MP: 2/2
     1 | D:6      | Noticed a scorpion
    44 | D:5      | Noticed a bombardier beetle
    74 | D:5      | Identified the +1 ring mail "Zehets" {Harm rF+ MP+9}
    79 | D:5      | Noticed a phantom
    88 | D:5      | Identified the +1 chain mail "Eduhu" {rPois SInv}
   122 | D:3      | Noticed a bombardier beetle
   125 | D:3      | Killed a bombardier beetle
   126 | D:3      | Reached XP level 2. HP: 16/16 MP: 3/3
   126 | D:3      | Reached XP level 3. HP: 20/20 MP: 4/4
   164 | D:3      | HP: 1/20 [bat (1)]
   589 | D:3      | Reached XP level 4. HP: 12/24 MP: 5/5
   589 | D:3      | Gained a life (2 lives remaining)
   846 | D:2      | Found a faded altar of an unknown god.
  1705 | D:1      | Reached XP level 5. HP: 29/29 MP: 6/6
  1875 | D:2      | Succumbed to an adder's poison
  1875 | D:2      | Lost a life (1 life remaining)
  2009 | D:2      | Identified the +0 robe "Syacoghe" {*Slow Str-2 Int+3 Dex+9}
  2162 | D:3      | Found an opulent altar of Gozag.
  2162 | D:3      | Found a faded altar of an unknown god.
  2167 | D:3      | Found a hide-covered altar of Uskayaw.
  2169 | D:3      | Found a glowing golden altar of the Shining One.
  2170 | D:3      | Found a faded altar of an unknown god.
  2178 | D:3      | Became a worshipper of Gozag Ym Sagoz the Greedy
  2892 | D:3      | Reached skill level 1 in Shapeshifting
  3079 | D:4      | Reached skill level 2 in Shapeshifting
  3079 | D:4      | Gained mutation: You are covered in thick fur. (AC +2)
                  | [Felid growth]
  3079 | D:4      | Reached XP level 6. HP: 33/33 MP: 7/7
  3458 | D:4      | Reached skill level 3 in Shapeshifting
  3642 | D:4      | Identified the amulet "Zejuv" {Acrobat Harm rC+ Regen+
                  | Dex-2}
  4344 | D:5      | Noticed an ice beast
  4475 | D:4      | Reached skill level 4 in Shapeshifting
  4475 | D:4      | Reached XP level 7. HP: 36/37 MP: 8/8
  4475 | D:4      | Gained a life (2 lives remaining)
  4594 | D:5      | Reached skill level 5 in Shapeshifting
  4597 | D:5      | Noticed a steam dragon
  4709 | D:5      | Killed a steam dragon
  4710 | D:5      | Reached skill level 6 in Shapeshifting
  4710 | D:5      | Reached XP level 8. HP: 27/42 MP: 9/9
  5051 | D:5      | Found an iron altar of Okawaru.
  5657 | D:6      | Noticed Duvessa
  5659 | D:6      | Noticed Dowan
  5684 | D:7      | Reached skill level 7 in Shapeshifting
  5991 | D:6      | Found a staircase to the Ecumenical Temple.
  6039 | D:6      | Reached skill level 8 in Shapeshifting
  6155 | D:6      | Found a blossoming altar of Fedhas.
  6556 | D:6      | Noticed Pikel
  6575 | D:6      | Killed Pikel
  6576 | D:6      | Reached skill level 9 in Shapeshifting
  6576 | D:6      | Reached XP level 9. HP: 44/45 MP: 10/10
  6661 | D:6      | Killed Duvessa
  6668 | D:6      | Killed Dowan
  6669 | D:6      | Reached skill level 1 in Spellcasting
  6752 | D:6      | Found a runed translucent gate.
  6752 | D:6      | Found a runed translucent gate.
  6752 | D:6      | Found a runed translucent gate.
  6752 | D:6      | Noticed MisterAzrael's ghost (novice HOFi)
  6754 | D:6      | Found a basalt altar of Yredelemnul.
  6784 | D:6      | Killed MisterAzrael's ghost
  6885 | D:6      | Found a runed translucent door.
  6886 | D:6      | Noticed Crazy Yiuf
  7098 | D:6      | Noticed an oklob plant
  7114 | D:6      | Killed an oklob plant
  7115 | D:6      | Reached skill level 10 in Shapeshifting
  7213 | D:6      | Killed Crazy Yiuf
  7883 | D:7      | Noticed Joseph
  7897 | D:7      | Killed Joseph
  7898 | D:7      | Reached XP level 10. HP: 44/49 MP: 16/18
  8019 | D:8      | Reached skill level 5 in Spellcasting
  8481 | D:8      | Reached skill level 11 in Shapeshifting
  8522 | D:8      | Noticed Jeremiah
  8675 | D:9      | Found a hazy altar of Hepliaklqana.
  8728 | D:9      | Identified the +5 long sword of Extinguishment {drain,
                  | rPois rC++ Dex-2 Stlth+}
  8771 | D:10     | Entered Level 10 of the Dungeon
  8771 | D:10     | Found Les Ehix's General Store.
  8771 | D:10     | Found Nigopp's Magic Scroll Boutique.
  8771 | D:10     | Found Ejidghute's Jewellery Boutique.
  8923 | D:10     | Bought a scroll of teleportation for 33 gold pieces
  8923 | D:10     | Bought a scroll of revelation for 82 gold pieces
  8923 | D:10     | Bought a scroll of revelation for 82 gold pieces
  8923 | D:10     | Bought a wand of flame (8) for 61 gold pieces
  9099 | D:9      | Noticed a +0 executioner's axe
  9100 | D:9      | Found Pemoptom's Weapon Boutique.
  9101 | D:9      | Noticed a +0 quick blade
  9275 | D:9      | Noticed Erica
  9340 | D:9      | Killed Erica
  9341 | D:9      | Reached XP level 11. HP: 51/53 MP: 23/23
  9393 | D:9      | Found a broken altar of Ashenzari.
  9575 | D:9      | Found a staircase to the Orcish Mines.
 10498 | D:10     | Found a glowing silver altar of Zin.
 10609 | D:10     | Reached skill level 12 in Shapeshifting
 10799 | D:10     | Found a shimmering blue altar of Sif Muna.
 10866 | D:10     | Bought a scroll of revelation for 90 gold pieces
 10866 | D:10     | Bought a scroll of identify for 24 gold pieces
 10866 | D:10     | Bought a scroll of teleportation for 36 gold pieces
 10866 | D:10     | Bought a scroll of teleportation for 36 gold pieces
 10866 | D:10     | Bought a scroll of silence for 114 gold pieces
 10866 | D:10     | Bought a scroll of identify for 24 gold pieces
 10866 | D:10     | Bought 3 scrolls of identify for 72 gold pieces
 10866 | D:10     | Bought a scroll of teleportation for 36 gold pieces
 10938 | D:10     | Found a burning altar of Makhleb.
 11364 | D:11     | Noticed Sundig's ghost (journeyman FoFi)
 11367 | D:11     | Found a runed translucent door.
 11582 | D:11     | Found an ornate altar of the Wu Jian Council.
 11802 | D:11     | Found a staircase to the Lair.
 11803 | D:11     | Noticed an oklob plant
 11822 | D:11     | Killed from afar by an oklob plant
 11822 | D:11     | Lost a life (1 life remaining)
 11850 | D:11     | Killed an oklob plant
 11859 | D:11     | Noticed a two-headed ogre
 11864 | D:11     | Noticed a boulder beetle
 11883 | D:11     | Killed a boulder beetle
 11886 | D:11     | HP: 2/79 [two-headed ogre/+0 giant club (31)]
 11888 | D:11     | Killed a two-headed ogre
 12194 | D:12     | Noticed Fannar
 12210 | D:12     | Killed Fannar
 12259 | D:12     | HP: 2/53 [cyclops (22)]
 12415 | D:12     | Reached skill level 10 in Spellcasting
 12503 | D:12     | Gained mutation: Your thick and shaggy fur keeps you warm.
                  | (AC +3, rC+) [Felid growth]
 12503 | D:12     | Reached XP level 12. HP: 51/58 MP: 27/27
 12503 | D:12     | Gained a life (2 lives remaining)
 12576 | D:12     | Reached skill level 13 in Shapeshifting
 13519 | Lair:1   | Entered Level 1 of the Lair of Beasts
 13950 | Lair:1   | Learned a level 2 spell: Ensorcelled Hibernation
 14020 | Lair:1   | Noticed a catoblepas
 14041 | Lair:1   | Killed a catoblepas
 14042 | Lair:1   | Reached skill level 1 in Ice Magic
 14543 | Lair:1   | Reached skill level 14 in Shapeshifting
 14900 | Lair:2   | Upgraded the game from 0.31-a0-1626-g5cb510d322 to
                  | 0.32-a0-7-ge934b4519a
 14946 | Lair:2   | Learned a level 3 spell: Ozocubu's Armour
 15263 | Lair:2   | Reached skill level 5 in Dodging
 15440 | Lair:2   | Found an iron altar of Okawaru.
 15630 | Lair:2   | Reached XP level 13. HP: 63/63 MP: 19/28
 15928 | Lair:2   | Noticed Amaemon
 15945 | Lair:2   | Killed Amaemon
 16096 | Lair:2   | Reached skill level 5 in Fighting
 16404 | Lair:2   | Found a large runed translucent door.
 16404 | Lair:2   | Found a large runed translucent door.
 16407 | Lair:2   | Noticed nocore's ghost (journeyman DsMo)
 16864 | Lair:2   | Learned a level 3 spell: Call Canine Familiar
 16996 | Lair:3   | Reached skill level 1 in Summonings
 17387 | Lair:3   | Found a staircase to the Swamp.
 17961 | Lair:3   | Found a hole to the Spider Nest.
 18834 | Lair:4   | Identified the maw talisman of Durable Liberty {MP+9 Str+4
                  | Slay+3}
 18952 | Lair:4   | Reached skill level 5 in Unarmed Combat
 19349 | Lair:4   | Noticed Urug
 19377 | Lair:4   | Killed Urug
 19843 | Lair:5   | Entered Level 5 of the Lair of Beasts
 19843 | Lair:5   | Noticed Nessos
 19849 | Lair:5   | Killed Nessos
 20104 | Lair:5   | Reached skill level 15 in Shapeshifting
 20139 | Lair:5   | Reached XP level 14. HP: 35/70 MP: 19/29
 20143 | Lair:5   | Reached skill level 5 in Ice Magic
 20579 | Lair:5   | Found a viscous altar of Jiyva.
 20579 | Lair:5   | Found a staircase to the Slime Pits.
 21578 | Orc:1    | Entered Level 1 of the Orcish Mines
 21948 | Orc:2    | Entered Level 2 of the Orcish Mines
 21949 | Orc:2    | Noticed an orc warlord
 21996 | Orc:2    | Found a staircase to the Elven Halls.
 22269 | Orc:1    | HP: 4/89 [orc warlord/+0 long sword (8)]
 22276 | Orc:1    | Killed an orc warlord
 23081 | Orc:2    | Noticed an orc warlord
 23918 | Orc:2    | Killed an orc warlord
 24284 | Orc:2    | Reached skill level 10 in Dodging
 24471 | Orc:2    | Found Nintatig's Book Boutique.
 24614 | Orc:2    | Found Ydisatar's Antique Weapon Boutique.
 24893 | Orc:2    | Found Xomee's Antique Armour Boutique.
 24908 | Orc:2    | Found Nesmaq's General Store.
 24915 | Orc:2    | Bought a potion of ambrosia for 104 gold pieces
 24915 | Orc:2    | Bought a potion of ambrosia for 104 gold pieces
 25926 | D:13     | Reached skill level 16 in Shapeshifting
 26173 | D:13     | Found a gate to the Vaults.
 26358 | D:13     | Identified the +4 ring mail of Gapp {rC+}
 26515 | D:13     | Reached XP level 15. HP: 78/78 MP: 30/30
 27315 | D:14     | Found a broken altar of Ashenzari.
 28313 | D:15     | Entered Level 15 of the Dungeon
 29005 | D:15     | Found a staircase to the Depths.
 29280 | Spider:1 | Entered Level 1 of the Spider Nest
 29411 | Spider:1 | Identified the +1 ring mail of Dishonesty {rC+}
 29615 | Spider:1 | Reached skill level 17 in Shapeshifting
 30585 | Spider:1 | Gained mutation: You are dopey. (Int -2) [mutagenic glow]
 30780 | Spider:2 | Reached skill level 10 in Fighting
 30979 | Spider:2 | Noticed Azrael
 31188 | D:11     | Killed Sundig's ghost
 31655 | Spider:1 | Killed Azrael
 31702 | Spider:1 | Reached skill level 10 in Unarmed Combat
 31824 | Spider:2 | Reached XP level 16. HP: 85/85 MP: 27/31
 32296 | Spider:3 | Noticed Nikola
 32404 | Spider:3 | Blown up by an orb spider
 32404 | Spider:3 | Lost a life (1 life remaining)
 32439 | Spider:3 | Reached skill level 18 in Shapeshifting
 32602 | Spider:3 | Noticed Louise
 32613 | Spider:3 | Found a runed translucent gate.
 32613 | Spider:3 | Found a runed translucent gate.
 32619 | Spider:3 | Found a runed translucent gate.
 32626 | Spider:3 | Noticed Moonkey's ghost (adept DECj)
 32657 | Spider:3 | Killed Louise
 33141 | Spider:3 | Noticed Asterion
 33156 | Spider:3 | Killed Asterion
 33357 | Spider:3 | Reached skill level 19 in Shapeshifting
 33385 | Spider:3 | HP: 5/110 [Nikola/arc of chain lightning (64)]
 33391 | Spider:3 | Killed Nikola
 34066 | Spider:4 | Entered Level 4 of the Spider Nest
 34253 | Spider:4 | Found a glacial archway.
 34270 | IceCv    | Entered an ice cave
 34379 | IceCv    | Learned a level 2 spell: Blink
 34951 | IceCv    | Found the +4 skin of Zhor {*Englaciate rC+++ SInv}
 34951 | IceCv    | Noticed an Ice Fiend
 34951 | IceCv    | Noticed an Ice Fiend
 34965 | IceCv    | Killed an Ice Fiend
 34986 | IceCv    | Killed an Ice Fiend
 34987 | IceCv    | Reached XP level 17. HP: 43/89 MP: 22/32
 34987 | IceCv    | Gained a life (2 lives remaining)
 35314 | Spider:4 | Reached skill level 20 in Shapeshifting
 36524 | Spider:4 | Gained mutation: Your magical capacity is low. (-10% MP)
                  | [mutagenic glow]
 36595 | Spider:4 | Identified the +9 mace of the Viper {drain, Dex+5}
 37026 | Spider:4 | Got a gossamer rune of Zot
 37451 | Orc:2    | Bought a wand of digging (4) for 285 gold pieces
 37451 | Orc:2    | Bought a scroll of silence for 161 gold pieces
 37453 | Elf:1    | Entered Level 1 of the Elven Halls
 37509 | Orc:2    | Bought a book of Scorching for 510 gold pieces
 37516 | Orc:2    | Learned a level 6 spell: Summon Cactus Giant
 37934 | Orc:2    | Reached skill level 5 in Summonings
 38185 | Elf:1    | Incinerated by a deep elf pyromancer
 38185 | Elf:1    | Lost a life (1 life remaining)
 38215 | Elf:1    | Got the Information on Arcane Combat
 38596 | Elf:1    | Identified the +5 short sword "Death Rattle" {antimagic,
                  | Stlth+}
 38640 | Elf:1    | Noticed a Tzitzimitl
 38643 | Elf:1    | Noticed an Ice Fiend
 39959 | Elf:1    | Found Maeceipt's Assorted Antiques.
 39963 | Elf:1    | You fall into a shaft and drop 1 floor!
 39967 | Elf:2    | Found an ancient bone altar of Kikubaaqudgha.
 40053 | Elf:1    | Bought a potion of curing for 96 gold pieces
 41387 | Elf:2    | Reached skill level 10 in Summonings
 41394 | Elf:2    | Found a runed translucent gate.
 41394 | Elf:2    | Found a runed translucent gate.
 41394 | Elf:2    | Found a runed translucent gate.
 41499 | Elf:2    | Found a runed translucent door.
 41501 | Elf:2    | Noticed Zueleol's ghost (adept DsFi)
 41529 | Elf:2    | Killed Zueleol's ghost
 42003 | Elf:2    | Reached XP level 18. HP: 93/93 MP: 25/30
 42003 | Elf:2    | Gained a life (2 lives remaining)
 44064 | Elf:3    | Entered Level 3 of the Elven Halls
 44110 | Elf:3    | Noticed Boris
 44675 | Swamp:1  | Entered Level 1 of the Swamp
 44942 | Swamp:1  | Noticed Roxanne
 45524 | Swamp:1  | Identified the +0 hand axe of Hepliaklqana's Delight
                  | {flame, rPois Will++ Dex+3}
 47516 | Swamp:3  | Identified the serpent talisman "Lojasch" {Int+4 SInv}
 47516 | Swamp:3  | Noticed Aizul
 47538 | Swamp:3  | Killed Aizul
 47606 | Swamp:3  | Learned a level 5 spell: Summon Forest
 47759 | Swamp:3  | Noticed Jorgrun
 47772 | Swamp:3  | Killed Jorgrun
 48310 | Swamp:4  | Entered Level 4 of the Swamp
 48467 | Swamp:4  | Noticed a tentacled monstrosity
 48486 | Swamp:4  | Killed a tentacled monstrosity
 48582 | Swamp:4  | Found a runed translucent door.
 48583 | Swamp:4  | Identified the +0 spear of Hard Scrabble {heavy, +Blink
                  | Int+2 Dex+3}
 48585 | Swamp:4  | Noticed Midn8's ghost (adept MfAr)
 49354 | Swamp:4  | Noticed the 27-headed Lernaean hydra
 49610 | Swamp:4  | Reached skill level 1 in Translocations
 49636 | Swamp:4  | HP: 6/120 [the 27-headed Lernaean hydra (12)]
 49636 | Swamp:4  | Mangled by the 27-headed Lernaean hydra
 49636 | Swamp:4  | Lost a life (1 life remaining)
 50681 | Elf:3    | Killed Boris
 50684 | Elf:3    | Reached XP level 19. HP: 98/98 MP: 30/32
 50684 | Elf:3    | Gained a life (2 lives remaining)
 51110 | Elf:3    | Reached skill level 5 in Translocations
 51142 | Elf:3    | Reached skill level 21 in Shapeshifting
 52318 | Elf:3    | Identified the +0 plate armour "Qunnem" {rF+ Regen+ Str+2}
 52768 | Elf:3    | HP: 3/127 [deep elf master archer/arrow (22)]
 52780 | Elf:3    | Killed from afar by a deep elf high priest
 52780 | Elf:3    | Lost a life (1 life remaining)
 53748 | Elf:3    | Identified the staff of the Wraith {+Blink rElec Will+
                  | rCorr Int-2 Necro Air}
 53880 | Elf:3    | Identified the +7 great mace "Nauw" {flame, rC+ Int+3 SInv}
 54196 | Swamp:1  | Killed Roxanne
 54355 | Swamp:4  | Killed the 27-headed Lernaean hydra
 54643 | Swamp:4  | Got a decaying rune of Zot
 55094 | Vaults:1 | Entered Level 1 of the Vaults
 55137 | D:13     | Reached skill level 22 in Shapeshifting
 56437 | Vaults:1 | Noticed Norris
 56449 | Vaults:1 | Killed Norris
 56767 | Vaults:1 | Found Pono's Armour Shop.
 58548 | Vaults:2 | Reached XP level 20. HP: 102/102 MP: 29/33
 58854 | Vaults:2 | Reached skill level 23 in Shapeshifting
 59174 | Vaults:2 | Found a staircase to the Crypt.
 59174 | Vaults:2 | Found a basalt altar of Yredelemnul.
 59175 | Vaults:2 | Found an ancient bone altar of Kikubaaqudgha.
 59663 | Vaults:2 | HP: 6/132 [vault warden/+2 halberd of protection (27)]
 59669 | Vaults:2 | Slain by a vault warden
 59669 | Vaults:2 | Lost a life (0 lives remaining)
 60613 | Vaults:2 | Found Koasonti's Armour Boutique.
 60966 | Vaults:3 | HP: 2/132 [large slime creature (24)]
 60967 | Vaults:3 | Demolished by a large slime creature

Illustrated notes

Levels and vault maps discovered:
D:1:      dpeg_arrival_arbitrary_b, layout_rooms, minmay_pentomino_z4
D:2:      layout_basic, ebering_ecumenical_altar_sacrificial,
          minmay_split_cup_large
D:3:      layout_basic, chequers_temple_overflow_minitemple
D:4:      layout_basic, portal_sewer_entry_f
D:5:      layout_rooms, amcnicky_altar_gilded, mainiacjoe_overflow_catwalk
D:6:      layout_rooms, tgw_fedhas, nicolae_yredelemnul_ghost_church,
          temple_statues, uniq_pikel, uniq_duvessa, uniq_crazy_yiuf_cottage
D:7:      layout_loops_ring, uniq_joseph
D:8:      layout_rooms, uniq_jeremiah
D:9:      layout_cave_pods, ashenzari_conservatory_becter,
          mainiacjoe_overflow_boulevard, erik_orc_4, serial_shops,
          nicolae_shop_mannequins, uniq_erica
D:10:     layout_irregular_city, marbit_many_paths,
          mainiacjoe_overflow_cross_hatched, pf_just_have_faith,
          serial_library_hellmonk_open_cross, nicolae_shop_distant_corner_stores
D:11:     layout_small_grid, dpeg_oklobed_lair, hellmonk_ghost_happy_afterlife,
          nzn_wu_jian_contemplation
D:12:     layout_basic, uniq_fannar
D:13:     layout_long_grid, erik_vaults_2
D:14:     layout_cave_pods, lemuel_round_altar
D:15:     grunt_enter_depths_magical_seal, layout_irregular_city,
          chequers_arboretum
Lair:1:   layout_small_grid
Lair:2:   layout_loops_ring, ebering_ghost_disaster_area, basic_altar,
          grunt_megastairs_1, uniq_amaemon
Lair:3:   layout_layer_cave, nicolae_swamp_entry_spooky, spider_nest_entry_webs,
          st_stairs_13, serial_bayou_shore_b
Lair:4:   layout_long_grid, chequers_serial_rivers_room_a, uniq_urug
Lair:5:   minmay_lair_end_frog_pond, layout_loops_ring,
          minmay_slime_entry_pillars, cheibrodos_lair_lostbears, uniq_nessos
Swamp:1:  layout_falls_marsh, nicolae_swamp_very_dense_foliage,
          nicolae_swamp_decorative_isthmus, uniq_roxanne
Swamp:2:  nicolae_swamp_standing_stones, layout_falls_marsh, hangedman_swamp_pad
Swamp:3:  layout_basic_swamp, evilmike_swamp_ruin_rubble_2, uniq_jorgrun,
          uniq_aizul
Swamp:4:  swamp_basic_johnstein, layout_basic_swamp,
          ebering_ghost_funeral_grove, swamp_pool_3
Spider:1: layout_spider_delve
Spider:2: layout_spider_delve, nicolae_spider_rock_and_or_roll, uniq_azrael
Spider:3: spiders_nest_a, gammafunk_ghost_necromancy, guppyfry_hornet_nest,
          uniq_louise, uniq_nikola, uniq_asterion
Spider:4: grunt_spider_rune_parallel, portal_ice_cave_entry_dragon,
          nicolae_spider_checkerboard
Orc:1:    layout_caves
Orc:2:    grunt_orc_cross, layout_diamond_mine, abandoned_shop,
          blackcustard_rock_pile
Elf:1:    layout_rooms, portal_desolation_entry_twin_temple, serial_shops, shop,
          minmay_elf_annihilation
Elf:2:    nicolae_elf_blades_splatter_lattice [nicolae_blade_tridents],
          layout_geoelf_grid, ebering_ghost_reflecting_pool, basic_altar
Elf:3:    minmay_elf_hall_circle, layout_loops_ring, uniq_boris
Vaults:1: hangedman_vaults_nails, ontoclasm_vaults_hangar,
          ontoclasm_vaults_ligature, nicolae_vaults_taking_the_gang_shopping,
          vaults_mumra_hex, nicolae_vaults_storage_closets_3,
          grunt_vaults_twisty, hangedman_vaults_cutoff, nicolae_vaults_two_Ls,
          layout_vaults_chaotic_city, uniq_norris
Vaults:2: v_misc_32, v_misc_17, v_misc_29, v_misc_10,
          nicolae_vaults_surprise_closet, minmay_crypt_entry_necro_gods,
          layout_vaults_omnigrid, serial_shops, shop
Vaults:3: v_pattern_1, v_misc_16, vaults_standard_mumra_enter_the_diamond,
          nicolae_vaults_security_offices_6, v_rooms_3,
          vaults_standard_mumra_lines, hangedman_vaults_slither,
          nicolae_vaults_windows_and_doors_thing, nicolae_vaults_tetromino_L_2,
          ontoclasm_vaults_hangar, vaults_room_door_ring, layout_vaults_maze

Skill      XL: |  1  2  3  4  5  6  7  8  9 10 11 12 13 14 15 16 17 18 19 20 |
---------------+-------------------------------------------------------------+-----
Dodging        | 3 4 5 7 10 | 10.0
Stealth        | 7 |  7.7
Unarmed Combat | 3 4 5 8 10 | 10.0
Shapeshifting  | 2 4 6 9 10 11 12 14 15 16 17 19 20 22 23 | 23.8
Spellcasting   | 4 7 10 12 | 12.0
Ice Magic      | 3 4 5 |  5.0
Fighting       | 4 6 8 10 | 10.0
Summonings     | 4 10 14 | 14.5
Translocations | 3 5 |  5.0

Action                     |  1- 3 |  4- 6 |  7- 9 | 10-12 | 13-15 | 16-18 | 19-21 || total
---------------------------+-------+-------+-------+-------+-------+-------+-------++-------
  Melee: Unarmed           |    79 |   275 |   319 |  1016 |  1493 |  1387 |   498 ||  5067
         Bite              |     7 |    24 |    52 |   179 |   212 |   198 |    90 ||   762
         Punch             |     2 |     5 |     5 |       |    72 |    99 |    37 ||   220
         Constrict         |       |       |       |       |     5 |    14 |       ||    19
   Cast: Ensorcelled Hiber |       |       |       |    21 |    58 |    13 |       ||    92
         Ozocubu's Armour  |       |       |       |     9 |   141 |   122 |     8 ||   280
         Call Canine Famil |       |       |       |       |    18 |    44 |     7 ||    69
         Blink             |       |       |       |       |       |    10 |     5 ||    15
         Summon Cactus Gia |       |       |       |       |       |    87 |    68 ||   155
         Summon Forest     |       |       |       |       |       |    10 |    60 ||    70
 Invoke: Potion Petition   |       |       |       |       |     6 |    11 |     3 ||    20
         Call Merchant     |       |       |       |       |       |     2 |       ||     2
  Evoke: Wand              |       |       |    10 |    14 |     9 |    21 |     5 ||    59
         Lightning rod     |       |       |       |       |       |     6 |     6 ||    12
         Sack of spiders   |       |       |       |       |       |     2 |     1 ||     3
    Use: Potion            |     2 |     3 |     3 |     8 |    10 |    13 |     7 ||    46
         Scroll            |       |     6 |     3 |     8 |     8 |    29 |     6 ||    60
   Stab: Sleeping          |     1 |    19 |     5 |     3 |    29 |     7 |     7 ||    71
         Distracted        |       |     2 |     1 |     4 |    12 |     8 |    15 ||    42
         Invisible         |       |       |     2 |     8 |     1 |     4 |       ||    15
         Held in net/web   |       |       |       |       |       |     1 |       ||     1
 Armour: Skin              |    28 |    91 |    88 |   303 |  1204 |  1921 |   699 ||  4334
  Dodge: Dodged            |    83 |   245 |   230 |   926 |  2580 |  3227 |  1087 ||  8378
   Form: Beast             |       |     1 |       |       |     2 |       |       ||     3
         Flux              |       |       |     1 |     1 |     3 |       |       ||     5
         Statue            |       |       |       |     1 |     3 |     1 |       ||     5
         Serpent           |       |       |       |       |     2 |     1 |       ||     3
         Blade             |       |       |       |       |     3 |       |       ||     3
                           |       |       |       |       |     2 |       |       ||     2
         Maw               |       |       |       |       |     2 |       |       ||     2

Table legend: (Time is in decaauts)
 A = Elapsed time spent in this place.
 B = Non-inter-level travel time spent in this place.
 C = Inter-level travel time spent in this place.
 D = Time resting spent in this place.
 E = Time spent auto-exploring this place.
 F = Levels seen in this place.
 G = Mean time per level.
                   A        B        C        D        E       F      G
               +--------+--------+--------+--------+--------+-----+--------+
         Total |  80577 |  74465 |   6112 |  28654 |  25959 |  37 | 2177.8 |
       Dungeon |  19954 |  17877 |   2077 |   4447 |   8481 |  15 | 1330.3 |
          Lair |  10464 |   8685 |   1779 |   1887 |   4021 |   5 | 2092.8 |
         Swamp |   9365 |   8758 |    607 |   2986 |   3473 |   4 | 2341.2 |
   Spider Nest |  10011 |   9459 |    552 |   2752 |   3543 |   4 | 2502.8 |
  Orcish Mines |   6439 |   6098 |    341 |   3471 |   1048 |   2 | 3219.5 |
   Elven Halls |  14613 |  13901 |    712 |   8640 |   2490 |   3 | 4871.0 |
        Vaults |   8401 |   8359 |     42 |   3819 |   2785 |   3 | 2800.3 |
      Ice Cave |   1327 |   1327 |      0 |    650 |    115 |   1 | 1327.0 |
               +--------+--------+--------+--------+--------+-----+--------+

Top non-repeatable levels by time:
   Elf:2: 5407 daAuts
   Elf:3: 5051 daAuts
   Orc:2: 5010 daAuts
Vaults:1: 4301 daAuts
   Elf:1: 4154 daAuts
 Swamp:4: 3635 daAuts
Vaults:2: 3602 daAuts
Spider:4: 3058 daAuts
Spider:1: 2980 daAuts
Spider:3: 2757 daAuts
  Lair:3: 2607 daAuts
  Lair:2: 2303 daAuts
  Lair:5: 2229 daAuts
    D:13: 2094 daAuts
 Swamp:2: 2054 daAuts
